 Dungeon Sprint DCSS version 0.31-a0-1042-ga9834b393d (webtiles) character file.

Game seed: 7322388039184060726

7400000 theswoord the Conqueror (level 27, -1/273 HPs)
             Began as a Minotaur Gladiator on Nov 20, 2023.
             Was the Champion of Makhleb.
             Slain by The Servant
             ... wielding a +9 glaive of flaming
              (7 damage)
             ... in the Dungeon (Sprint VIII: "Arena of Blood").
             The game lasted 00:04:11 (74 turns).

theswoord the Conqueror (Minotaur Gladiator)          Turns: 74, Time: 00:04:12

Health: -1/273     AC:  6    Str: 31    XL:     27
Magic:  32/53      EV: 26    Int:  5    God:    Makhleb [******]
Gold:   0          SH:  0    Dex: 14    Spells: 80/80 levels left

rFire   . . .        l - +∞ Axe of Woe
rCold   . . .        (shield currently unavailable)
rNeg    . . .        b - +0 leather armour
rPois   .            c - +0 hat
rElec   .            (no cloak)
rCorr   .            (no gloves)
SInv    .            (no boots)
Will    ++...        (no amulet)
Stlth   +++++++++    (no ring)
HPRegen 0.65/turn    (no ring)
MPRegen 0.33/turn

%: no teleportation
@: marked, slowed, very slow
A: horns 2, retaliatory headbutt
a: Renounce Religion, Minor Destruction, Lesser Servant of Makhleb, Major
Destruction, Greater Servant of Makhleb


You were in the Dungeon.
You worshipped Makhleb.
Makhleb was exalted by your worship.
You visited 1 branch

Inventory:

Hand Weapons
 a - a +0 rapier
 l - the +∞ Axe of Woe (weapon)
   (You found it in the Dungeon)
Missiles
 d - 3 throwing nets (quivered)
 e - a javelin
Armour
 b - a +0 leather armour (worn)
 c - a +0 hat (worn)
Scrolls
 k - a scroll of blinking
Potions
 f - a potion of curing
 g - a potion of heal wounds
 h - a potion of haste
 i - 2 potions of magic
 j - a potion of berserk rage


   Skills:
 O Level 27 Fighting
 O Level 27 Short Blades
 O Level 27 Long Blades
 O Level 27 Axes
 O Level 27 Maces & Flails
 O Level 27 Polearms
 O Level 27 Staves
 O Level 27 Ranged Weapons
 O Level 27 Throwing
 O Level 27 Armour
 O Level 27 Dodging
 O Level 27 Stealth
 O Level 27 Shields
 O Level 27 Unarmed Combat
 O Level 27 Spellcasting
 O Level 27 Conjurations
 O Level 27 Hexes
 O Level 27 Summonings
 O Level 27 Necromancy
 O Level 27 Translocations
 O Level 27 Transmutations
 O Level 27 Fire Magic
 O Level 27 Ice Magic
 O Level 27 Air Magic
 O Level 27 Earth Magic
 O Level 27 Poison Magic
 O Level 27 Invocations
 O Level 27 Evocations
 O Level 27 Shapeshifting


You had 80 spell levels left.
You didn't know any spells.
Your spell library was empty.

Dungeon Overview and Level Annotations

Branches:
Dungeon (1/1)

Altars:
Makhleb

Annotations:
D The Servant


Innate Abilities, Weirdness & Mutations

You have a pair of horns on your head.
You reflexively headbutt those who attack you in melee.


Message History

Makhleb accepts your kill.
You feel better.
You dice the meat berserker like an onion!!!
You pulverise the meat berserker into a thin bloody mist.
You kill the meat berserker!
Makhleb accepts your kill.
You slice the bag of meat!!
You hew the bag of meat violently.
You blow up the bag of meat!
Makhleb accepts your kill.
You feel better.
You slash the meat berserker!
You chop the meat berserker into pieces.
You kill the meat berserker!
Makhleb accepts your kill.
You feel better.
You slice the bag of meat!!
You pulverise the bag of meat into a thin bloody mist.
You kill the bag of meat!
Makhleb accepts your kill.
You feel better. The destroyer casts a spell at you.
The destroyer blinks!
A large bag of meat comes into view. It is wielding a +9 giant spiked club.
The dread calls on the powers of darkness!
The bag of meat convulses! x4; The large bag of meat convulses!
Flame seeps out of the large bag of meat.
The bag of meat convulses! x5; The Servant convulses!
The bag of meat convulses! x3
Your body is wracked with pain!
The bag of meat convulses! x5
The bag of meat is engulfed in blazing flames.
The tyrant mumbles some strange words.
The tyrant seems to speed up.
A bag of meat comes into view. It is wielding a +9 war axe.
The meat beast bites you!!
* * * LOW HITPOINT WARNING * * *
The meat beast tramples you.
* * * LOW HITPOINT WARNING * * *
You hold your ground!
A dread comes into view.
The Servant hits you from afar with a +9 glaive of flaming!!!!
* * * LOW HITPOINT WARNING * * *
The Servant burns you!
You die... ....... ..
L..XX #.
XXWX# #.. oMo# §. .###o. ooL###oo. ..W.zo###ooV.Wo.. .ozOoo@°oooOzOVo

#.o)z@# #_Oo°2#
#o.2zO#
.Ooo2oV)oo......
....Wo###oW..o...
.###oO WOM###..o
#O.


Moo# .. #. .zo.# .. ..... You could see 3 accurseds, 2 tentacled monstrosities,
3 meat beasts, 2 tyrants, The Servant, 3 destroyers, 6 sculptors of flesh, 4
large bags of meat, 3 large abominations, 6 dreads, 5 meat berserkers and 32
bags of meat.

Vanquished Creatures
  Sigmund (D)
  12 hell beasts (D)
  4 royal mummies (D)
  19 vampire knights (D)
  42 ogres (D)
  7 two-headed ogres (D)
  2 liches (D)
  A hydra (D)
  85 orcs (D)
  2 skeletal warriors (D)
175 creatures vanquished.

Notes
Turn   | Place    | Note
-------+----------+-------------------------------------------
     0 | D        | Found the +∞ Axe of Woe
     0 | D        | theswoord the Minotaur Gladiator began the quest for the
                  | Orb.
     0 | D        | Reached XP level 1. HP: 18/18 MP: 0/0
     1 | D        | Noticed a bag of meat
     2 | D        | Noticed a bag of meat
     2 | D        | Noticed a bag of meat
     2 | D        | Noticed a bag of meat
     4 | D        | Became a worshipper of Makhleb the Destroyer
     4 | D        | Noticed a bag of meat
     4 | D        | Noticed a bag of meat
     5 | D        | Killed a bag of meat
     5 | D        | Noticed a bag of meat
     6 | D        | Reached skill level 15 in Fighting
     6 | D        | Reached XP level 2. HP: 49/49 MP: 1/1
     6 | D        | Reached XP level 3. HP: 56/56 MP: 2/2
     6 | D        | Reached XP level 4. HP: 63/63 MP: 3/3
     6 | D        | Reached XP level 5. HP: 70/70 MP: 4/4
     6 | D        | Reached XP level 6. HP: 78/78 MP: 5/5
     6 | D        | Reached XP level 7. HP: 84/84 MP: 6/6
     6 | D        | Reached XP level 8. HP: 92/92 MP: 7/7
     6 | D        | Reached XP level 9. HP: 100/100 MP: 8/8
     6 | D        | Reached XP level 10. HP: 107/107 MP: 9/9
     7 | D        | Killed a bag of meat
     7 | D        | Reached * piety under Makhleb
     7 | D        | Killed a bag of meat
     7 | D        | Noticed a bag of meat
     8 | D        | Reached XP level 11. HP: 118/123 MP: 10/10
     8 | D        | Reached XP level 12. HP: 125/130 MP: 11/11
     8 | D        | Killed a bag of meat
     8 | D        | Killed a bag of meat
     8 | D        | Reached ** piety under Makhleb
     8 | D        | Noticed a bag of meat
     8 | D        | Noticed a bag of meat
     8 | D        | Noticed a bag of meat
     8 | D        | Noticed a bag of meat
     8 | D        | Noticed a bag of meat
     9 | D        | Reached XP level 13. HP: 139/144 MP: 12/12
     9 | D        | Killed a bag of meat
     9 | D        | Noticed a bag of meat
     9 | D        | Noticed a meat berserker
     9 | D        | Noticed a meat berserker
     9 | D        | Noticed a bag of meat
     9 | D        | Noticed a bag of meat
     9 | D        | Noticed a bag of meat
     9 | D        | Noticed a bag of meat
    10 | D        | Killed a bag of meat
    10 | D        | Noticed a bag of meat
    10 | D        | Noticed a bag of meat
    10 | D        | Noticed a bag of meat
    10 | D        | Noticed a meat berserker
    10 | D        | Noticed a bag of meat
    10 | D        | Noticed a bag of meat
    11 | D        | Reached XP level 14. HP: 157/157 MP: 13/13
    11 | D        | Noticed a meat berserker
    11 | D        | Noticed a meat berserker
    11 | D        | Noticed a bag of meat
    12 | D        | Noticed a meat berserker
    12 | D        | Killed a meat berserker
    12 | D        | Reached *** piety under Makhleb
    12 | D        | Killed a bag of meat
    12 | D        | Killed a bag of meat
    12 | D        | Killed a bag of meat
    12 | D        | Reached **** piety under Makhleb
    12 | D        | Killed a bag of meat
    12 | D        | Killed a meat berserker
    12 | D        | Noticed a bag of meat
    12 | D        | Noticed a bag of meat
    13 | D        | Reached skill level 27 in Fighting
    13 | D        | Reached XP level 15. HP: 72/174 MP: 14/14
    13 | D        | Killed a meat berserker
    13 | D        | Killed a meat berserker
    13 | D        | Reached ***** piety under Makhleb
    13 | D        | Noticed a meat berserker
    14 | D        | Reached skill level 27 in Short Blades
    14 | D        | Reached skill level 27 in Throwing
    14 | D        | Reached skill level 27 in Dodging
    14 | D        | Reached skill level 10 in Unarmed Combat
    14 | D        | Reached XP level 16. HP: 63/183 MP: 15/15
    14 | D        | Killed a meat berserker
    15 | D        | Reached XP level 17. HP: 161/191 MP: 16/16
    15 | D        | Noticed a large bag of meat
    15 | D        | Killed a meat berserker
    15 | D        | Reached ****** piety under Makhleb
    16 | D        | Reached XP level 18. HP: 200/200 MP: 17/17
    19 | D        | Killed a large bag of meat
    19 | D        | Killed a meat berserker
    19 | D        | Noticed a destroyer
    20 | D        | Reached skill level 27 in Axes
    20 | D        | Reached skill level 27 in Armour
    20 | D        | Reached skill level 27 in Unarmed Combat
    20 | D        | Reached XP level 19. HP: 163/207 MP: 18/18
    21 | D        | Noticed a meat berserker
    22 | D        | Reached skill level 27 in Stealth
    22 | D        | Noticed a large bag of meat
    22 | D        | Noticed a large bag of meat
    23 | D        | Noticed an eight-headed meat hydra
    23 | D        | Killed a destroyer
    23 | D        | Noticed a meat berserker
    23 | D        | Noticed a destroyer
    24 | D        | Noticed a meat berserker
    24 | D        | Noticed a meat berserker
    25 | D        | Reached skill level 15 in Spellcasting
    25 | D        | Reached XP level 20. HP: 167/216 MP: 18/38
    25 | D        | Noticed a destroyer
    26 | D        | Noticed a meat berserker
    26 | D        | Killed a nine-headed meat hydra
    26 | D        | Killed a large bag of meat
    26 | D        | Noticed a destroyer
    27 | D        | Killed a meat berserker
    27 | D        | Killed a destroyer
    27 | D        | Noticed a destroyer
    28 | D        | Noticed a meat berserker
    28 | D        | Killed a destroyer
    28 | D        | Noticed a large bag of meat
    29 | D        | Reached skill level 27 in Invocations
    29 | D        | Killed a meat berserker
    29 | D        | Killed a destroyer
    29 | D        | Noticed a large bag of meat
    30 | D        | Reached skill level 27 in Spellcasting
    30 | D        | Reached XP level 21. HP: 146/224 MP: 19/51
    31 | D        | Reached skill level 15 in Maces & Flails
    31 | D        | Reached skill level 15 in Polearms
    31 | D        | Noticed a large bag of meat
    32 | D        | Killed a large bag of meat
    33 | D        | Noticed a destroyer
    33 | D        | Noticed a destroyer
    34 | D        | Reached XP level 22. HP: 225/233 MP: 20/52
    36 | D        | Reached skill level 27 in Long Blades
    36 | D        | Killed a large bag of meat
    36 | D        | Noticed a destroyer
    37 | D        | Reached skill level 27 in Maces & Flails
    37 | D        | Reached skill level 27 in Polearms
    37 | D        | Noticed a destroyer
    39 | D        | Reached skill level 27 in Staves
    39 | D        | Reached XP level 23. HP: 240/240 MP: 21/53
    39 | D        | Killed a large bag of meat
    40 | D        | Reached skill level 5 in Hexes
    40 | D        | Killed a destroyer
    40 | D        | Killed a destroyer
    41 | D        | Noticed a tyrant
    41 | D        | Killed a large bag of meat
    42 | D        | Reached skill level 10 in Transmutations
    42 | D        | Reached skill level 10 in Earth Magic
    44 | D        | Reached skill level 10 in Conjurations
    44 | D        | Reached skill level 10 in Summonings
    44 | D        | Reached skill level 10 in Necromancy
    44 | D        | Reached skill level 10 in Translocations
    44 | D        | Reached skill level 10 in Fire Magic
    44 | D        | Reached skill level 10 in Ice Magic
    44 | D        | Reached skill level 10 in Air Magic
    44 | D        | Reached skill level 10 in Poison Magic
    44 | D        | Killed a destroyer
    45 | D        | Reached skill level 10 in Hexes
    45 | D        | Reached XP level 24. HP: 249/249 MP: 23/53
    45 | D        | Killed a destroyer
    47 | D        | Noticed a destroyer
    48 | D        | Noticed an accursed
    49 | D        | Killed a tyrant
    49 | D        | Noticed an accursed
    50 | D        | Reached skill level 15 in Conjurations
    50 | D        | Reached skill level 15 in Transmutations
    50 | D        | Reached skill level 15 in Earth Magic
    50 | D        | Reached XP level 25. HP: 246/257 MP: 24/53
    50 | D        | Noticed a large bag of meat
    52 | D        | Reached skill level 15 in Summonings
    52 | D        | Reached skill level 15 in Necromancy
    52 | D        | Reached skill level 15 in Translocations
    52 | D        | Reached skill level 15 in Fire Magic
    52 | D        | Reached skill level 15 in Ice Magic
    52 | D        | Reached skill level 15 in Air Magic
    52 | D        | Reached skill level 15 in Poison Magic
    52 | D        | Killed a destroyer
    53 | D        | Killed a destroyer
    53 | D        | Noticed an accursed
    54 | D        | Reached skill level 15 in Hexes
    55 | D        | Noticed an accursed
    55 | D        | Noticed The Captor
    56 | D        | Killed an accursed
    57 | D        | Reached XP level 26. HP: 235/266 MP: 26/53
    57 | D        | Noticed a meat beast
    58 | D        | Killed an accursed
    59 | D        | Reached XP level 27. HP: 273/273 MP: 26/53
    59 | D        | Noticed a destroyer
    59 | D        | Noticed a destroyer
    61 | D        | Killed a large bag of meat
    61 | D        | Killed a meat beast
    61 | D        | Noticed a meat beast
    61 | D        | Noticed an accursed
    61 | D        | Noticed The Servant
    61 | D        | Noticed a meat beast
    61 | D        | Noticed a tyrant
    62 | D        | Killed a meat beast
    62 | D        | Noticed a meat beast
    62 | D        | Noticed a tyrant
    63 | D        | Killed a destroyer
    63 | D        | Noticed a meat beast
    63 | D        | Noticed a meat beast
    63 | D        | Noticed a destroyer
    63 | D        | Noticed an accursed
    63 | D        | Noticed a large bag of meat
    63 | D        | Noticed a destroyer
    64 | D        | Killed The Captor
    64 | D        | Noticed a meat beast
    64 | D        | Noticed a destroyer
    64 | D        | Noticed a meat beast
    65 | D        | Noticed a destroyer
    65 | D        | Killed a meat beast
    65 | D        | Killed a meat beast
    65 | D        | Noticed an accursed
    65 | D        | Noticed a destroyer
    65 | D        | Noticed a tyrant
    66 | D        | Reached skill level 27 in Conjurations
    66 | D        | Reached skill level 27 in Transmutations
    66 | D        | Reached skill level 27 in Earth Magic
    66 | D        | Noticed a destroyer
    66 | D        | Noticed a meat beast
    66 | D        | Noticed a meat beast
    66 | D        | Noticed a dread
    66 | D        | Noticed a destroyer
    66 | D        | Noticed a tyrant
    67 | D        | Reached skill level 27 in Hexes
    67 | D        | Reached skill level 27 in Summonings
    67 | D        | Reached skill level 27 in Necromancy
    67 | D        | Reached skill level 27 in Translocations
    67 | D        | Reached skill level 27 in Fire Magic
    67 | D        | Reached skill level 27 in Ice Magic
    67 | D        | Reached skill level 27 in Air Magic
    67 | D        | Reached skill level 27 in Poison Magic
    67 | D        | Reached skill level 10 in Shields
    67 | D        | Noticed a meat beast
    67 | D        | Killed a destroyer
    67 | D        | Killed a destroyer
    67 | D        | Killed a destroyer
    67 | D        | Killed a meat beast
    67 | D        | Killed a destroyer
    67 | D        | Noticed a large bag of meat
    67 | D        | Noticed a destroyer
    68 | D        | Killed a meat beast
    68 | D        | Killed a meat beast
    68 | D        | Killed an accursed
    68 | D        | Noticed a dread
    68 | D        | Noticed a tyrant
    69 | D        | Reached skill level 27 in Ranged Weapons
    69 | D        | Reached skill level 27 in Shields
    69 | D        | Reached skill level 27 in Evocations
    69 | D        | Reached skill level 27 in Shapeshifting
    69 | D        | Killed a destroyer
    69 | D        | Killed a meat beast
    69 | D        | Killed an accursed
    69 | D        | Killed a meat beast
    69 | D        | Noticed a large bag of meat
    69 | D        | Noticed a large bag of meat
    69 | D        | Noticed a dread
    69 | D        | Noticed a dread
    69 | D        | HP: 8/273 [accursed/divine providence (10)]
    70 | D        | Noticed a large bag of meat
    70 | D        | Killed a destroyer
    70 | D        | Killed a meat beast
    70 | D        | Killed a destroyer
    70 | D        | Noticed a destroyer
    71 | D        | Noticed a meat beast
    71 | D        | Noticed a meat beast
    71 | D        | Killed a tyrant
    71 | D        | Noticed a destroyer
    71 | D        | Noticed a meat beast
    72 | D        | Killed a meat beast
    72 | D        | Killed a meat beast
    72 | D        | Noticed a dread
    73 | D        | Killed a destroyer
    73 | D        | Noticed a destroyer
    73 | D        | Noticed a dread
    74 | D        | Noticed a meat beast
    74 | D        | Noticed a large bag of meat
    74 | D        | Noticed a dread
    74 | D        | HP: 6/273 [The Servant/+9 glaive of flaming (107)]
    74 | D        | Slain by The Servant

Skill      XL: |  1  2  3  4  5  6  7  8  9 10 11 12 13 14 15 16 17 18 19 20 21 22 23 24 25 26 27 |
---------------+----------------------------------------------------------------------------------+-----
Fighting       | 15 19 21 23 27 | 27.0
Short Blades   | 14 18 20 21 26 27 | 27.0
Throwing       | 13 16 18 20 24 27 | 27.0
Dodging        | 14 18 20 21 26 27 | 27.0
Axes           | 11 18 22 27 | 27.0
Armour         | 11 18 22 27 | 27.0
Stealth        | 8 14 17 23 27 | 27.0
Unarmed Combat | 10 17 20 27 | 27.0
Spellcasting   | 15 27 | 27.0
Invocations    | 21 27 | 27.0
Long Blades    | 3 22 27 | 27.0
Maces & Flails | 3 22 27 | 27.0
Polearms       | 3 22 27 | 27.0
Staves         | 27 | 27.0
Conjurations   | 3 12 15 19 21 27 | 27.0
Hexes          | 3 10 13 17 18 27 | 27.0
Summonings     | 3 11 14 18 20 27 | 27.0
Necromancy     | 3 11 14 18 20 27 | 27.0
Translocations | 3 11 14 18 20 27 | 27.0
Transmutations | 4 12 15 20 21 27 | 27.0
Fire Magic     | 3 11 14 18 20 27 | 27.0
Ice Magic      | 3 11 14 18 20 27 | 27.0
Air Magic      | 3 11 14 18 20 27 | 27.0
Earth Magic    | 4 12 15 20 21 27 | 27.0
Poison Magic   | 3 11 14 18 20 27 | 27.0
Ranged Weapons | 27 | 27.0
Shields        | 27 | 27.0
Evocations     | 27 | 27.0
Shapeshifting  | 27 | 27.0

Action                     |  1- 3 |  4- 6 |  7- 9 | 10-12 | 13-15 | 16-18 | 19-21 | 22-24 | 25-27 || total
---------------------------+-------+-------+-------+-------+-------+-------+-------+-------+-------++-------
  Melee: Executioner's axe |     1 |       |       |     2 |     4 |     5 |    12 |    13 |    22 ||    59
 Armour: Leather armour    |       |       |       |     1 |     5 |     3 |    13 |    11 |    33 ||    66
  Dodge: Dodged            |       |       |       |     1 |     3 |     1 |       |     1 |    10 ||    16

Levels and vault maps discovered:
D:        meatsprint
